Workbook

Sheet CPD
A1: Key indicator 1: Increase confidence, knowledge and skills of all staff in teaching PE and sport
A2: Item | B2: Amount | M2: Total
A3: Retford Oaks Package | B3: 100 | M3: =SUM(B3:L3) -> 100
A4: Youth Sports Trust membership 23/24 | B4: 612.5 | M4: =SUM(B4:L4) -> 612.5
A5: Create Dev PE membership | B5: 57.92 | C5: 57.92 | D5: 57.92 | E5: 57.92 | F5: 57.92 | G5: 57.92 | H5: 106.67 | M5: =SUM(B5:L5) -> 454.19
A6: Sheffield Utd staff mentoring | B6: 1275 | M6: =SUM(B6:L6) -> 1275
A7: England Athletics coaching award | B7: 275 | M7: =SUM(B7:L7) -> 275
A8: Real Pe curriculum 3 years | B8: 1695 | M8: =SUM(B8:L8) -> 1695
A9: Youth Sports Trust membership 24/25 | B9: 640 | M9: =SUM(B9:L9) -> 640
A10: PE Lead cover costs for events/competitions/CPD | B10: 171.28 | M10: =SUM(B10:L10) -> 171.28
L12: Total | M12: =SUM(M3:M10) -> 5222.97

Sheet Physical 
A1: Key indicator 2: The engagement of all pupils in regular physical activity – Chief Medical Officers’ guidelines recommend that primary school pupils undertake at least 30 minutes of physical activity a day in school
A2: Item | B2: Amount | N2: Total
A3: Cross Curricular Orienteering Boards | B3: 52.5 | N3: =SUM(B3:M3) -> 52.5
A4: Retford Oaks Package | B4: 100 | N4: =SUM(B4:M4) -> 100
A5: Sports equipment (Davies Sports) Basketballs/Football Flags, Netball Nets, Tennis balls | B5: 103.1 | N5: =SUM(B5:M5) -> 103.1
A6: Pipes to repair football goals for playtime | B6: 32.17 | N6: =SUM(B6:M6) -> 32.17
A7: Footballs for break/afterschool | B7: 34.69 | N7: =SUM(B7:M7) -> 34.69
A8: Dodgeballs for afterschool/breakfast club | B8: 19.95 | N8: =SUM(B8:M8) -> 19.95
A9: Gymnastics Afterschool Coaching | B9: 112.5 | C9: 93.75 | D9: 131.25 | E9: 75 | F9: 56.25 | G9: 56.25 | H9: 75 | I9: 56.5 | J9: 56.5 | K9: 56.5 | M9: 37.5 | N9: =SUM(B9:M9) -> 807
A10: Lynx - afterschool football | B10: 105 | C10: 135 | N10: =SUM(B10:M10) -> 240
A11: Lynx lunchtime clubs | B11: 135 | C11: 60 | D11: 90 | E11: 285 | F11: 105 | G11: 180 | H11: 120 | N11: =SUM(B11:M11) -> 975
A12: Tennis afterschool clubs | B12: 120 | C12: 100 | D12: 200 | E12: 120 | F12: 280 | N12: =SUM(B12:M12) -> 820
A13: Cross Curricular Orienteering | B13: 100 | N13: =SUM(B13:M13) -> 100
A14: Santa run medals | B14: 42.12 | N14: =SUM(B14:M14) -> 42.12
A15: Balance bikes training | B15: 370 | N15: =SUM(B15:M15) -> 370
A16: Davies sports equipment - athletics/basketball/footballs - active breaks/clubs | B16: 502.93 | N16: =SUM(B16:M16) -> 502.93
A17: Bibs | B17: 109.9 | N17: =SUM(B17:M17) -> 109.9
A18: Tri golf kit | B18: 37.74 | N18: =SUM(B18:M18) -> 37.74
A19: Karate coaching afterschool club | B19: 70 | C19: 52.5 | D19: 70 | N19: =SUM(B19:M19) -> 192.5
A20: Sports crew hoodies/t shirts | B20: 84.5 | N20: =SUM(B20:M20) -> 84.5
A21: PE Lead cover costs for events/competitions/CPD | B21: 171.28 | N21: =SUM(B21:M21) -> 171.28
N23: =SUM(N3:N21) -> 4795.38

Sheet Profile
A1: Key indicator 3: The profile of PE and sport is raised across the school as a tool for whole school improvement
A2: Item | B2: Amount | M2: Total
A3: Sports Crew Badges | B3: 41.67 | M3: =SUM(B3:L3) -> 41.67
A4: Retford Oaks Package | B4: 100 | M4: =SUM(B4:L4) -> 100
A5: Youth Sports Trust membership | B5: 612.5 | M5: =SUM(B5:L5) -> 612.5
A6: Cross Curricular Orienteering | B6: 100 | M6: =SUM(B6:L6) -> 100
A7: DB signs PE board | B7: 248 | M7: =SUM(B7:L7) -> 248
A8: Balance bikes training | B8: 370 | M8: =SUM(B8:L8) -> 370
A9: Dance Comp/showcase equipment | B9: 6.39 | C9: 40.51 | D9: 24.8 | M9: =SUM(B9:L9) -> 71.7
A10: Sports day sticker pack | B10: 16.58 | M10: =SUM(B10:L10) -> 16.58
A11: New football kit for girls and year 3/4 teams | B11: 494.54 | M11: =SUM(B11:L11) -> 494.54
A12: Sports crew hoodies/t shirts | B12: 84.5 | M12: =SUM(B12:L12) -> 84.5
A13: Youth Sports Trust membership 24/25 | B13: 640 | M13: =SUM(B13:L13) -> 640
A14: PE Lead cover costs for events/competitions/CPD | B14: 171.28 | M14: =SUM(B14:L14) -> 171.28
M16: =SUM(M3:M14) -> 2950.77

Sheet Activities
A1: Key indicator 4: Broader experience of a range of sports and physical activities offered to all pupils
A2: Item | B2: Amount | O2: Total
A3: Bassetlaw Football Membership 23/24 & 24/25 | B3: 10 | C3: 20 | O3: =SUM(B3:L3) -> 30
A4: Cross Curricular Orienteering Boards | B4: 52.5 | O4: =SUM(B4:L4) -> 52.5
A5: Retford Oaks Package | B5: 100 | O5: =SUM(B5:L5) -> 100
A6: Sports equipment (Davies Sports) Basketballs/Football Flags, Netball Nets, Tennis balls | B6: 103.1 | O6: =SUM(B6:N6) -> 103.1
A7: Footballs for break/afterschool | B7: 34.69 | O7: =SUM(B7:M7) -> 34.69
A8: Dodgeballs for afterschool/breakfast club | B8: 19.95 | O8: =SUM(B8:L8) -> 19.95
A9: Gymnastics Afterschool Coaching | B9: 112.5 | C9: 93.75 | D9: 131.25 | E9: 56.25 | F9: 75 | G9: 56.25 | H9: 75 | I9: 56.5 | J9: 56.5 | K9: 56.5 | L9: 37.5 | O9: =SUM(B9:L9) -> 807
A10: Lynx - afterschool football | B10: 105 | C10: 135 | O10: =SUM(B10:L10) -> 240
A11: Lynx lunchtime clubs | B11: 135 | C11: 60 | D11: 90 | E11: 285 | F11: 105 | G11: 180 | H11: 120 | O11: =SUM(B11:L11) -> 975
A12: Tennis afterschool clubs | B12: 120 | C12: 100 | D12: 200 | E12: 120 | F12: 280 | G12: 53 | O12: =SUM(B12:L12) -> 873
A13: Cross Curricular Orienteering | B13: 100 | O13: =SUM(B13:L13) -> 100
A14: Davies sports equipment - athletics/basketball/footballs - active breaks/clubs | B14: 502.93 | O14: =SUM(B14:L14) -> 502.93
A15: Bassetlaw Football Membership 23/24 & 24/25 | B15: 54.06 | O15: =SUM(B15:L15) -> 54.06
A16: Bibs | B16: 109.9 | O16: =SUM(B16:L16) -> 109.9
A17: New shorts for cheerleading | B17: 58.33 | O17: =SUM(B17:L17) -> 58.33
A18: Netball Posts | B18: 133.74 | O18: =SUM(B18:L18) -> 133.74
A19: Tri golf kit | B19: 37.74 | O19: =SUM(B19:L19) -> 37.74
A20: Lunchtime provision/sports day equipment | B20: 487.48 | O20: =SUM(B20:L20) -> 487.48
A21: Karate coaching afterschool club | B21: 70 | C21: 52.5 | D21: 70 | O21: =SUM(B21:L21) -> 192.5
A22: PE Lead cover costs for events/competitions/CPD | B22: 171.28 | O22: =SUM(B22:L22) -> 171.28
N24: Total | O24: =SUM(O3:O22) -> 5083.2

Sheet Competition
A1: Key indicator 5: Increased participation in competitive sport
A2: Item | B2: Amount | M2: Total
A3: Cross Curricular Orienteering Boards | B3: 52.5 | M3: =SUM(B3:L3) -> 52.5
A4: Retford Oaks Package | B4: 100 | M4: =SUM(B4:L4) -> 100
A5: Sports equipment (Davies Sports) Basketballs/Football Flags, Netball Nets, Tennis balls | B5: 103.1 | M5: =SUM(B5:L5) -> 103.1
A6: Cross Curricular Orienteering | B6: 100 | M6: =SUM(B6:L6) -> 100
A7: Santa run medals | B7: 42.12 | M7: =SUM(B7:L7) -> 42.12
A8: Dot to Dot dance off entry | B8: 45 | M8: =SUM(B8:L8) -> 45
A9: Dance Comp/showcase equipment | B9: 6.39 | C9: 40.51 | D9: 25 | M9: =SUM(B9:L9) -> 71.9
A10: Albert hall dance compe bus | B10: 395 | M10: =SUM(B10:L10) -> 395
A11: New shorts for cheerleading | B11: 58.33 | M11: =SUM(B11:L11) -> 58.33
A12: Netball Posts | B12: 133.74 | M12: =SUM(B12:L12) -> 133.74
A13: Power timers for athletics/sports leaders | B13: 173.94 | M13: =SUM(B13:L13) -> 173.94
A14: Sports day sticker pack | B14: 16.58 | M14: =SUM(B14:L14) -> 16.58
A15: Lunchtime provision/sports day equipment | B15: 487.48 | M15: =SUM(B15:L15) -> 487.48
A16: New football kit for girls and year 3/4 teams | B16: 494.54 | M16: =SUM(B16:L16) -> 494.54
A17: Trophy engraving house events | B17: 18 | M17: =SUM(B17:L17) -> 18
A18: Minibus Costs for event transport | B18: 1613.75 | M18: =SUM(B18:L18) -> 1613.75
A19: PE Lead cover costs for events/competitions/CPD | B19: 171.28 | M19: =SUM(B19:L19) -> 171.28
K21: Total | M21: =SUM(M3:M19) -> 4077.26

Sheet Breakdown (Items)
N1: Totals
A2: School FA membership (Football Teams/Competition) | B2: 10 | C2: 20 | N2: =SUM(B2:M2) -> 30
A3: Orienteering (Curriculum and equipment) | B3: 157.5 | C3: 400 | N3: =SUM(B3:M3) -> 557.5
A4: Sports Crew Badges (Leadership) | B4: 41.67 | N4: =SUM(B4:M4) -> 41.67
A5: Full Bassetlaw Package (CPD/Events/Competition) | B5: 500 | N5: =SUM(B5:M5) -> 500
A6: Sports Equipment (Basketball/Football Clubs) | B6: 309.32 | C6: 69.39 | N6: =SUM(B6:M6) -> 378.71
A7: Goal repairs (Active Breaks) | B7: 32.17 | N7: =SUM(B7:M7) -> 32.17
A8: Sports Equipment Dodgeballs (Club) | B8: 39.9 | N8: =SUM(B8:M8) -> 39.9
A9: Gymnastics Coaching (Afterschool club | B9: 225 | C9: 187.5 | D9: 262.5 | E9: 112.5 | F9: 150 | G9: 112.5 | H9: 150 | I9: 112.5 | J9: 112.5 | K9: 112.5 | L9: 75 | N9: =SUM(B9:M9) -> 1612.5
A10: Lynx Coaching (Afterschool club and active breaks) | B10: 210 | C10: 270 | D10: 270 | E10: 120 | F10: 180 | G10: 570 | H10: 210 | I10: 360 | J10: 270 | N10: =SUM(B10:M10) -> 2460
A11: Tennis Coaching (Afterschool club) | B11: 240 | C11: 200 | D11: 400 | E11: 240 | F11: 560 | N11: =SUM(B11:M11) -> 1640
A12: Youth Sports Trust Membership 23/24 & 24/25) | B12: 1225 | C12: 1280 | N12: =SUM(B12:M12) -> 2505
A13: Medals and Awards (Competition) | B13: 84.24 | N13: =SUM(B13:M13) -> 84.24
A14: Dance Competition Equipment/Transport/Entry (Competitions/showcase) | B14: 45 | C14: 12.78 | D14: 81.02 | E14: 395 | F14: 49.67 | N14: =SUM(B14:M14) -> 583.47
A15: Signage Notice Board (Profile) | B15: 248 | N15: =SUM(B15:M15) -> 248
A16: Bike abillity training (Activities) | B16: 740 | N16: =SUM(B16:M16) -> 740
A17: Create Development Real PE (CPD) | B17: 57.92 | C17: 57.92 | D17: 57.92 | E17: 57.92 | F17: 57.92 | G17: 164.59 | H17: 164.59 | N17: =SUM(B17:M17) -> 618.78
A18: Sports equipment (Athletics & Basketball Clubs) | B18: 1005.86 | N18: =SUM(B18:M18) -> 1005.86
A19: Equipment problem solving (Activities) | B19: 54.06 | N19: =SUM(B19:M19) -> 54.06
A20: Equipment Bibs (Afterschool and Active Breaks) | B20: 219.8 | N20: =SUM(B20:M20) -> 219.8
A21: Cheerleeding showcase clothing (Competition) | B21: 116.66 | N21: =SUM(B21:M21) -> 116.66
A22: Netball Posts (Afterschool and Competition) | B22: 267.49 | N22: =SUM(B22:M22) -> 267.49
A23: Equipment Tri golf (Afterschool Clubs) | B23: 75.48 | N23: =SUM(B23:M23) -> 75.48
A24: Equipmet Timers (Afterschool and Competition) | B24: 173.94 | N24: =SUM(B24:M24) -> 173.94
A25: Equipment Sports Day (Profile & Competition) | B25: 33.15 | N25: =SUM(B25:M25) -> 33.15
A26: Equipment Dodgeballs, rebound nets (Afterschool Clubs/Active Breaks) | B26: 974.95 | N26: =SUM(B26:M26) -> 974.95
A27: Karate Coaching (Afterschool Club) | B27: 140 | C27: 105 | N27: =SUM(B27:M27) -> 245
A28: Sheffield United (Menoring/CPD for staff) | B28: 1275 | N28: =SUM(B28:M28) -> 1275
A29: England Athletics (Staff CPD) | B29: 275 | N29: =SUM(B29:M29) -> 275
A30: Kitlocker (new representitive kits- Competition) | B30: 989.08 | N30: =SUM(B30:M30) -> 989.08
A31: Trophy engraving (Profile House events) | B31: 18 | N31: =SUM(B31:M31) -> 18
A32: Sports Leader Hoodies (Profile/Lunch Activities) | B32: 169 | N32: =SUM(B32:M32) -> 169
A33: Real PE Curriculum (3 Year) | B33: 1695 | N33: =SUM(B33:M33) -> 1695
A34: Mileage contribution (30% costs towards minibus usage) | B34: 1613.75 | N34: =SUM(B34:M34) -> 1613.75
A35: PE Lead cover costs (£18.03 x 47.5 hours) | B35: 856.42 | N35: =SUM(B35:M35) -> 856.42
L38: Total spend | N38: =SUM(N2:N35) -> 22129.58

Sheet Breakdown per (5 key objective)
B1: Total | C1: %
A2: CPD | B2: =CPD!M12 -> 5222.97 | C2: =SUM(B2/B8) -> 0.23601758 | D2: Expenditure split between each of the 5 key priorities
A3: Physical | B3: ='Physical '!N23 -> 4795.38 | C3: =SUM(B3/B8) -> 0.21669548
A4: Profile | B4: =Profile!M16 -> 2950.77 | C4: =SUM(B4/B8) -> 0.13334053
A5: Activities | B5: =Activities!O24 -> 5083.2 | C5: =SUM(B5/B8) -> 0.2297016
A6: Competition | B6: =Competition!M21 -> 4077.26 | C6: =SUM(B6/B8) -> 0.1842448
A8: Total | B8: =SUM(B2:B6) -> 22129.58
A11: Total Expenditure | B11: ='Breakdown (Items)'!N38 -> 22129.58
A13: Carry over from 22/23 | B13: 1843.5
A14: Funding 23/24 | B14: 20278.5
A15: Total budget for 23/24 | B15: =SUM(B13:B14) -> 22122
A16: Underspend 23/24 | B16: =SUM(B15-B11) -> -7.58
